 Dungeon Crawl Stone Soup version 0.31.0-11-ge490571c62 (webtiles) character file.

Game seed: 7530060871511573401

26 Gadfly the Trooper (level 2, -1/24 HPs)
             Began as a Demonspawn Monk on Feb 2, 2024.
             Slain by Crazy Yiuf
             ... wielding a +2 quarterstaff of chaos
              (7 damage)
             ... on level 2 of the Dungeon.
             The game lasted 00:01:13 (965 turns).

Gadfly the Trooper (Demonspawn Monk)                 Turns: 965, Time: 00:01:14

Health: -1/24      AC:  9    Str: 11    XL:     2   Next: 89%
Magic:  2/2        EV: 13    Int: 10    God:
Gold:   73         SH:  0    Dex: 15    Spells: 1/1 levels left

rFire   . . .        j - +3 hammer (protect)
rCold   . . .        c - orb {light}
rNeg    . . .        a - +0 robe
rPois   .            (no helmet)
rElec   .            (no cloak)
rCorr   .            (no gloves)
SInv    .            (no boots)
Will    .....        (no amulet)
Stlth   +            (no ring)
HPRegen 0.24/turn    (no ring)
MPRegen 0.08/turn

%: no passive effects
@: lethally poisoned (-1 -> -3), under a protective aura, glowing
A: powered by death 1
a: no special abilities


You were on level 2 of the Dungeon.
You visited 1 branch of the dungeon, and saw 2 of its levels.

You collected 73 gold pieces.

Inventory:

Hand Weapons
 f - a +2 heavy hammer
 i - a +0 rapier
 j - a +3 hammer of protection (weapon)
Armour
 a - a +0 robe (worn)
 c - an orb of light (worn)
Talismans
 g - a flux talisman
Potions
 b - a potion of ambrosia
 d - a potion of attraction {unknown}
 e - a potion of enlightenment {unknown}
 h - a potion of haste


   Skills:
 - Level 3.0 Fighting
 + Level 2.9 Dodging
 * Level 3.0 Unarmed Combat
 * Level 1.2 Evocations
 * Level 0.9 Shapeshifting


You had one spell level left.
You didn't know any spells.
Your spell library was empty.

Dungeon Overview and Level Annotations

Branches:
Dungeon (2/15)

Altars:

Shops:
D:1 [

Annotations:
D:2 Crazy Yiuf


Innate Abilities, Weirdness & Mutations

You regenerate a little health from kills.


Message History

You see here a +0 hammer.
Found a hammer.
You see here a +0 hammer.
You see here a +3 hammer of protection.
j - a +3 hammer of protection You see here a +0 hammer.
Your +3 hammer of protection hums with potential!
j - a +3 hammer of protection (weapon)
You see here a +0 hammer.
You open the door. You hit Crazy Yiuf.
Your weapon exudes an aura of protection.
Crazy Yiuf is lightly wounded.
Crazy Yiuf hits you but does no damage.
Crazy Yiuf hits you with a +2 quarterstaff of chaos!
Crazy Yiuf freezes you.
You are too injured to fight recklessly!
You are too injured to fight recklessly!
You are too injured to fight recklessly!
You are too injured to fight recklessly!
You are too injured to fight recklessly!
You hit Crazy Yiuf.
Crazy Yiuf is lightly wounded.
Crazy Yiuf closely misses you.
You hit Crazy Yiuf.
Crazy Yiuf is heavily wounded.
Crazy Yiuf hits you but does no damage. Crazy Yiuf barely misses you.
You hit Crazy Yiuf.
Crazy Yiuf is severely wounded.
Crazy Yiuf hits you but does no damage.
You are poisoned.
You hit Crazy Yiuf.
Crazy Yiuf is severely wounded.
You feel sick. Crazy Yiuf barely misses you.
You hit Crazy Yiuf.
Crazy Yiuf is almost dead.
You feel sick.
Crazy Yiuf whimpers, "Race!"
Crazy Yiuf hits you with a +2 quarterstaff of chaos!
You die...

#....###...##....#
###....###...##....#
#........#...##....#
#........#...##....#
##.).....)#.>.##....#
#.)..))...#.........#
#.).)....)########.##
#.......))# #.#
#.....@...# #.#
#))##g##.## #.####
#..#...#)# ###'#...
#.)#...#)) #.......
#..#)..#..# #.......
#####. # #.......
######+#... ###
####### #....#.#†..
#...#.....#
#....#.#...


You could see Crazy Yiuf.

Vanquished Creatures
  An adder (D:2)
  A dart slug (D:2)
  A ball python (D:1)
  2 bats (D:1)
  2 endoplasms (D:1)
  A hobgoblin (D:1)
  2 quokkas (D:1)
  2 frilled lizards (D:1)
  2 kobolds (D:1)
  A rat (D:1)
15 creatures vanquished.

Notes
Turn   | Place    | Note
-------+----------+-------------------------------------------
     0 | D:1      | Gadfly the Demonspawn Monk began the quest for the Orb.
     0 | D:1      | Reached XP level 1. HP: 18/18 MP: 1/1
    72 | D:1      | Found Enoskiof's Armour Boutique.
   280 | D:1      | Gained mutation: You regenerate a little health from kills.
                  | [demonic ancestry]
   280 | D:1      | Reached XP level 2. HP: 24/24 MP: 2/2
   844 | D:2      | Reached skill level 1 in Evocations
   936 | D:2      | Found a runed translucent door.
   944 | D:2      | Noticed Crazy Yiuf
   965 | D:2      | Slain by Crazy Yiuf

Illustrated notes

Levels and vault maps discovered:
D:1:      dpeg_arrival_tiny_f, layout_basic, serial_shops,
          nicolae_shop_statue_plus
D:2:      layout_basic, uniq_crazy_yiuf_cottage

Skill      XL: |  1  2 |
---------------+-------+-----
Evocations     | 1 |  1.2
Unarmed Combat | 3 |  3.0
Fighting       | |  3.0
Dodging        | |  2.9
Shapeshifting  | |  0.9

Action                     || total
---------------------------++-------
  Melee: Unarmed           ||    53
         Mace              ||     6
    Use: Scroll            ||     2
         Potion            ||     1
 Armour: Robe              ||    29
  Dodge: Dodged            ||    41
